 Dungeon Crawl Stone Soup version 0.32-a0-705-g60f233581c (webtiles) character file.

Game seed: 6879833981864340090

956 croobank the Trooper (level 7, -7/63 HPs)
             Began as a Mountain Dwarf Fighter on Mar 14, 2024.
             Was an Initiate of Gozag.
             Mangled by an orc warrior
             ... wielding a +0 glaive
              (14 damage)
             ... on level 6 of the Dungeon.
             The game lasted 00:12:41 (4858 turns).

croobank the Trooper (Mountain Dwarf Fighter)       Turns: 4858, Time: 00:12:42

Health: -7/63      AC: 13    Str: 27    XL:     7   Next: 91%
Magic:  7/7        EV:  7    Int: 13    God:    Gozag
Gold:   101        SH:  4    Dex:  9    Spells: 6/6 levels left

rFire   . . .        a - +0 war axe
rCold   . . .        c - +0 buckler
rNeg    . . .        A - +1 chain mail of the Apricot {^Drain Int+5}
rPois   .            (no helmet)
rElec   .            (no cloak)
rCorr   +            (no gloves)
SInv    .            E - +1 pair of boots {Stlth+}
Will    .....        (no amulet) Stlth
                     o - +6 ring of strength
HPRegen 0.30/turn    B - ring of resist corrosion
MPRegen 0.10/turn

%: no passive effects
@: no status effects
A: runic magic, artefact enchanting
a: Renounce Religion, Potion Petition, Call Merchant, Bribe Branch


You were on level 6 of the Dungeon.
You worshipped Gozag.
Gozag was aware of your devotion.
You visited 1 branch of the dungeon, and saw 6 of its levels.
You also visited: Sewer.

You collected 405 gold pieces.
You spent 231 gold pieces at shops.
You paid 73 gold pieces to Gozag.

Inventory:

Hand Weapons
 a - a +0 war axe (weapon)
 C - the +1 dagger of the Eternal Void {elec, rF+ Str+2}
   (You found it on level 5 of the Dungeon)

   Str+2:     It affects your strength (+2).
   rF+:       It protects you from fire.
Missiles
 b - 4 poisoned darts (quivered)
Armour
 c - a +0 buckler (worn)
 A - the +1 chain mail of the Apricot (worn) {^Drain Int+5}
   (You found it on level 4 of the Dungeon)

   Int+5:     It affects your intelligence (+5).
   ^Drain:    It drains your maximum health when unequipped.
 E - a +1 pair of boots of stealth (worn)
Jewellery
 o - a +6 ring of strength (left hand)
 B - a ring of resist corrosion (right hand)
 F - a ring of magical power
Scrolls
 f - 2 scrolls of immolation {unknown}
 g - 2 scrolls of blinking {unknown}
 k - a scroll of vulnerability {unknown}
 l - a scroll of fog {unknown}
 q - 3 scrolls of brand weapon {unknown}
 s - a scroll of teleportation {unknown}
 t - 5 scrolls of identify {unknown}
 v - a scroll of poison {unknown}
 x - a scroll of acquirement {unknown}
 y - a scroll of silence {unknown}
 D - a scroll of summoning {unknown}
Potions
 d - 4 potions of might
 e - 7 potions of curing {unknown}
 h - 2 potions of resistance {unknown}
 i - 2 potions of haste {unknown}
 j - 3 potions of berserk rage {unknown}
 m - 3 potions of attraction {unknown}
 n - a potion of magic {unknown}
 p - 2 potions of invisibility {unknown}
 r - 2 potions of heal wounds {unknown}
 u - a potion of mutation {unknown}
 w - 3 potions of brilliance {unknown}
 z - a potion of enlightenment {unknown}


   Skills:
 + Level 6.0 Fighting
 + Level 5.9 Axes
 + Level 5.9 Armour
 + Level 5.9 Shields


You had 6 spell levels left.
You didn't know any spells.
Your spell library contained the following spells:

 Spells                   Type           Power      Damage    Failure   Level
 Magic Dart               Conj           0%         1d3       45%         1
 Slow                     Hex            0%         N/A       45%         1
 Blink                    Tloc           0%         N/A       61%         2
 Call Imp                 Summ           0%         N/A       61%         2
 Searing Ray              Conj           0%         2d4       61%         2
 Confusing Touch          Hex            0%         N/A       83%         3
 Hailstorm                Conj/Ice       0%         3d5       83%         3
 Summon Ice Beast         Ice/Summ       0%         N/A       83%         3
 Vampiric Draining        Necr           0%         2d6       83%         3
 Fulminant Prism          Conj/Alch      0%         3d5       99%         4
 Permafrost Eruption      Ice/Erth       0%         2x4d2     100%        6
 Sculpt Simulacrum        Ice/Alch       0%         N/A       100%        6


Dungeon Overview and Level Annotations

Branches:
Dungeon (6/15)             Temple (0/1) D:5           Sewer (visited)

Altars:
Elyvilon
Gozag
Makhleb
Xom
Yredelemnul
Zin

Shops:
D:3 [   D:4 ***   D:5 *


Innate Abilities, Weirdness & Mutations

Your spellcasting is much less encumbered by armour.
You can use scrolls of enchantment on lesser artefacts.


Message History

You are too injured to fight recklessly!
You are too injured to fight recklessly!
You hit the orc warrior but do no damage.
The orc warrior is heavily wounded.
The orc warrior barely misses you.
You barely miss the orc warrior.
The orc warrior is heavily wounded.
The orc warrior is distracted by your dazzling golden aura.
The orc warrior shouts!
You hit the orc warrior.
The orc warrior is no longer distracted by gold.
The orc warrior is severely wounded.
The orc warrior hits you with a +0 glaive!
You hit the orc warrior.
The orc warrior is almost dead.
The orc warrior hits you with a +0 glaive.
* * * LOW HITPOINT WARNING * * *
You block the orc warrior's attack.
You closely miss the orc warrior.
The orc warrior is almost dead.
The orc warrior hits you with a +0 glaive.
* * * LOW HITPOINT WARNING * * *
You hit the orc warrior but do no damage.
The orc warrior is almost dead.
The orc warrior completely misses you.
You aren't carrying any items that you can evoke.
Okay, then.
You closely miss the orc warrior.
The orc warrior is almost dead.
The orc warrior hits you but does no damage.
You barely miss the orc warrior.
The orc warrior is almost dead.
You block the orc warrior's attack.
The orc warrior hits you with a +0 glaive!
* * * LOW HITPOINT WARNING * * *
You hit the orc warrior but do no damage.
The orc warrior is almost dead.
The orc warrior hits you with a +0 glaive!
You die...
Your body crumbles into a pile of gold.

##.#.###.##.# ##.##
#.##.. ### #.#..#
#..#.# #### #.#..#
#...######## #####.##..
#.....#....###.....##.#
#....$#........###.# #
#.o@..####### #.#
#.$.....# #.# ###.....#
#.# #...#..... ##.
#...#$.:?.. #
#######..... ..#..
..#..


You could see an orc warrior.

Vanquished Creatures
  A black bear (D:6)
  An ice beast (D:6)
  A sky beast (D:6)
  2 kobold brigands
  2 scorpions
  A bullfrog (D:5)
  3 hounds
  4 iguanas
  A hell rat (Sewer)
  3 adders
  2 river rats (Sewer)
  A shadow imp (D:5)
  A white imp (D:5)
  2 dart slugs
  2 ribbon worms (D:3)
  7 orcs
  6 ball pythons
  A bat (D:1)
  7 endoplasms
  4 giant cockroaches
  9 goblins
  7 hobgoblins
  3 jackals
  8 kobolds
  5 quokkas
  A frilled lizard (D:3)
  8 rats
93 creatures vanquished.

Notes
Turn   | Place    | Note
-------+----------+-------------------------------------------
     0 | D:1      | croobank the Mountain Dwarf Fighter began the quest for the
                  | Orb.
     0 | D:1      | Reached XP level 1. HP: 19/19 MP: 1/1
   148 | D:1      | Reached XP level 2. HP: 26/26 MP: 2/2
   275 | D:1      | Found a faded altar of an unknown god.
   551 | D:1      | Reached XP level 3. HP: 31/33 MP: 3/3
  1542 | D:3      | Found a shimmering altar of Xom.
  1593 | D:3      | Found Gieh's Armour Emporium.
  1810 | D:3      | Found a burning altar of Makhleb.
  1814 | D:3      | Found a glowing silver altar of Zin.
  1814 | D:3      | Noticed an angel
  1814 | D:3      | Noticed a green death
  1979 | D:3      | Found a glowing drain.
  1991 | D:3      | Reached XP level 4. HP: 38/40 MP: 4/4
  1994 | Sewer    | Entered a sewer
  2024 | Sewer    | Reached skill level 4 in Fighting
  2335 | D:3      | Noticed a scorpion
  2340 | D:3      | Killed a scorpion
  2341 | D:3      | Reached XP level 5. HP: 46/47 MP: 5/5
  2515 | D:4      | Identified the +1 chain mail of the Apricot {^Drain Int+5}
  2596 | D:4      | Found Vetaohip's General Store.
  2596 | D:4      | Found Behacrix's Specific Store.
  2683 | D:4      | Found a basalt altar of Yredelemnul.
  2728 | D:4      | Reached XP level 6. HP: 10/53 MP: 6/6
  2930 | D:4      | Found Burghum's General Store.
  3135 | D:5      | Entered Level 5 of the Dungeon
  3164 | D:5      | Identified the +1 dagger of the Eternal Void {elec, rF+
                  | Str+2}
  3183 | D:5      | Reached skill level 5 in Fighting
  3371 | D:5      | Reached skill level 5 in Armour
  3417 | D:5      | Found a white marble altar of Elyvilon.
  3437 | D:5      | Found a staircase to the Ecumenical Temple.
  3438 | D:5      | Found an opulent altar of Gozag.
  3442 | D:5      | Became a worshipper of Gozag Ym Sagoz the Greedy
  3476 | D:5      | Reached skill level 5 in Shields
  3529 | D:5      | Reached skill level 5 in Axes
  3662 | D:5      | Found Zuulif's Assorted Antiques.
  3671 | D:5      | Reached XP level 7. HP: 61/61 MP: 7/7
  4579 | D:4      | Bought a +1 pair of boots of stealth for 231 gold pieces
  4848 | D:6      | Reached skill level 6 in Fighting
  4858 | D:6      | Mangled by an orc warrior

Illustrated notes

Levels and vault maps discovered:
D:1:      erik_arrival_triangle_small, layout_loops_ring,
          ebering_ecumenical_altar_mist, glass_columns_c, minmay_misc_feat_iff,
          st_stairs_11, hangedman_abyss_or_decor_stabs, minmay_circled_x
D:2:      layout_loops_cross
D:3:      layout_basic, grunt_temple_overflow_order_and_chaos_2,
          xom_redecorated, cheibrodos_sewer_entry_bend, serial_shops, shop
D:4:      layout_rooms, mainiacjoe_overflow_alcove_4, serial_shops, shop,
          st_stairs_13, chequers_hall_statues_wall_a, nicolae_specific_store
D:5:      layout_layer_cave, mainiacjoe_overflow_alcove_1,
          overflow_temple_1_default, minmay_temple_entry_slanted, serial_shops,
          shop
D:6:      layout_loops_ring, hangedman_decor_push

Skill      XL: |  1  2  3  4  5  6  7 |
---------------+----------------------+-----
Axes           | 3 4 5 |  5.9
Fighting       | 4 5 6 |  6.0
Armour         | 4 5 |  5.9
Shields        | 4 5 |  5.9

Action                     |  1- 3 |  4- 6 |  7- 9 || total
---------------------------+-------+-------+-------++-------
  Melee: War axe           |   113 |   134 |    71 ||   318
 Armour: Scale mail        |   108 |    39 |       ||   147
         Chain mail        |       |    83 |    58 ||   141
  Dodge: Dodged            |    53 |    64 |    23 ||   140
  Block: Buckler           |    34 |    27 |    23 ||    84

Table legend: (Time is in decaauts)
 A = Elapsed time spent in this place.
 B = Non-inter-level travel time spent in this place.
 C = Inter-level travel time spent in this place.
 D = Time resting spent in this place.
 E = Time spent auto-exploring this place.
 F = Levels seen in this place.
 G = Mean time per level.
                   A        B        C        D        E       F      G
               +--------+--------+--------+--------+--------+-----+--------+
         Total |   4977 |   4659 |    318 |    344 |   3396 |   7 |  711.0 |
       Dungeon |   4741 |   4423 |    318 |    235 |   3378 |   6 |  790.2 |
         Sewer |    235 |    235 |      0 |    109 |     18 |   1 |  235.0 |
               +--------+--------+--------+--------+--------+-----+--------+

Top non-repeatable levels by time:
     D:5: 1268 daAuts
     D:1: 843 daAuts
     D:3: 789 daAuts
     D:2: 699 daAuts
     D:4: 699 daAuts
     D:6: 441 daAuts
   Sewer: 235 daAuts
